 Dungeon Crawl Stone Soup version 0.26-a0-651-gb41185065b (webtiles) character file.

Game seed: 10509036190658455478

(classic levelgen) 221784 EnegeticOcto the Severer (level 17, 132/163 HPs)
             Began as a Deep Dwarf Fighter on Oct 14, 2020.
             Was the Champion of Makhleb.
             Quit the game on level 1 of the Depths.
             The game lasted 00:17:29 (13282 turns).

EnegeticOcto the Severer (Deep Dwarf Fighter)      Turns: 13282, Time: 00:17:29

Health: 132/163    AC: 24    Str: 24    XL:     17   Next: 52%
Magic:  0/0        EV: 24    Int: 10    God:    Makhleb [******]
Gold:   518        SH: 13    Dex: 14    Spells: 16/16 levels left

rFire    + . .     SeeInvis .   K - +0 broad axe (vorpal)
rCold    + + .     Faith    +   P - +0 kite shield {rC+}
rNeg     + . .     Spirit   .   v - +2 swamp dragon scales
rPois    +         Reflect  .   L - +0 helmet
rElec    .         Harm     .   y - scarf {rC+ rF+}
rCorr    .         Rampage  .   A - +1 pair of gloves
MR       ++...     NoCast   +   C - +2 pair of boots of Quvva {-Cast Str+2 Dex+2}
Stlth    +.........             J - amulet of faith
HPRegen  0.00/turn              M - +4 ring of evasion
MPRegen  0.07/turn              H - +4 ring of protection

@: non-regenerating
A: damage resistance, heal wounds, [clumsy 1], [deterioration 2], [low mp 2],
negative energy resistance 1, sense surroundings 2, [weak 1], no regeneration
}: 3/15 runes: serpentine, barnacled, abyssal
a: Heal Wounds, Minor Destruction, Lesser Servant of Makhleb, Major Destruction,
Greater Servant of Makhleb, Renounce Religion


You were on level 1 of the Depths.
You worshipped Makhleb.
Makhleb was exalted by your worship.
You visited 6 branches of the dungeon, and saw 27 of its levels.
You visited the Abyss 1 time.
You also visited: Bailey.

You collected 1629 gold pieces.
You spent 1111 gold pieces at shops.

Inventory:

Hand Weapons
 a - a +0 broad axe
 d - a +3 war axe of electrocution
 E - a +0 war axe of freezing
 K - a +0 vorpal broad axe (weapon)
 O - a +2 long sword of distortion
Missiles
 z - 6 throwing nets (quivered)
Armour
 v - +2 swamp dragon scales (worn)
 y - a scarf of resistance (worn)
 A - a +1 pair of gloves (worn)
 C - the +2 pair of boots of Quvva (worn) {-Cast Str+2 Dex+2}
   (You found it in a bailey)

   It affects your strength (+2).
   It affects your dexterity (+2).
   It prevents spellcasting.
 L - a +0 helmet (worn)
 P - a +0 kite shield of cold resistance (worn)
Jewellery
 n - an uncursed ring of resist corrosion
 G - a +6 ring of strength
 H - a +4 ring of protection (right hand)
 J - an amulet of faith (around neck)
 M - a +4 ring of evasion (left hand)
 R - a cursed ring of attention {unknown}
Wands
 b - a wand of disintegration (20)
 l - a wand of polymorph (9)
 u - a wand of iceblast (40) {@v2}
 F - a wand of paralysis (9)
 N - a wand of acid (2) {@v1}
Scrolls
 h - 10 scrolls of remove curse {@r2}
 k - 5 scrolls of fear
 m - 5 scrolls of teleportation {@r3}
 o - 2 scrolls of blinking
 p - a scroll of holy word
 q - 2 scrolls of magic mapping {@r5}
 w - 4 scrolls of immolation {@r4}
 x - a scroll of fog
 D - 2 scrolls of silence
 Q - a scroll of identify {@r1}
Potions
 c - a potion of ambrosia {unknown}
 e - a potion of heal wounds {@q2}
 f - a potion of resistance {@q5}
 g - 5 potions of invisibility
 i - 2 potions of flight
 j - 10 potions of haste {@q4}
 r - 5 potions of curing {@q1}
 s - 3 potions of cancellation
 t - 3 potions of berserk rage
 I - 2 potions of might {@q3}
Miscellaneous
 B - a tin of tremorstones (3/3)
 V - a condenser vane (inert)


   Skills:
 * Level 13.0 Fighting
 * Level 17.4 Axes
 + Level 13.1 Armour
 - Level 15.0 Dodging
 + Level 13.1 Shields
 * Level 14.8 Invocations
 + Level 9.9 Evocations


You had 16 spell levels left.
You didn't know any spells.
Your spell library was empty.

Dungeon Overview and Level Annotations

Branches:
Dungeon (15/15)            Temple (1/1) D:4            Lair (2/6) D:8
 Shoals (4/4) Lair:2        Snake (4/4) Lair:2          Orc (0/2) D:12
 Vaults (0/5) D:14         Depths (1/5) D:15         Bailey (visited)

Altars:
Ashenzari
Cheibriados
Dithmenos
Elyvilon
Gozag
Makhleb
Nemelex Xobeh
Okawaru
Qazlal
Sif Muna
Trog
Uskayaw
Vehumet
Xom
Zin
The Shining One
Beogh

Shops:
D:10 :   D:13 !   Shoals:1 (=   Shoals:2 =   Snake:2 *   Snake:4 *

Portals:
Hell: Depths:1

Annotations:
D:13 3 runed translucent doors, exclusion: obsidian statue, Flugslaktarn's ghost, journeyman DDFi
Shoals:2 Roxanne
Snake:3 1 runed translucent door


Innate Abilities, Weirdness & Mutations

You are resistant to damage.
You can heal yourself by infusing magical energy.
You resist negative energy. (rN+)
You passively map the area around you.
You do not regenerate.
[You are clumsy. (Dex -2)]
[Your body often deteriorates upon taking damage.]
[Your magical capacity is very low. (-20% MP)]
[You are weak. (Str -2)]


Message History

3 runes!
That's enough to enter the realm of Zot.
Press } to see all the runes you have collected.
You feel the abyssal rune guiding you out of this place.
There is an open door, spattered with blood here.
You see here a tengu corpse.
There is a fountain of sparkling water here.
You see here a +1 dire flail of protection.
There is an open door, spattered with blood here.
A spatial maelstrom comes into view.
A spatial vortex comes into view.
The spatial maelstrom moves out of view.
There is a gateway leading out of the Abyss here.
You see here a +0 scale mail.
You pass through the gate.
Welcome back to the Dungeon!
There is a staircase to the Lair here.
You are a level 17 Deep Dwarf Fighter.
You are 52% of the way to level 18.
Play time: 00:17:01 (13058 turns)
(D) Dungeon (T) Temple (L) Lair (A) Shoals (P) Snake Pit (O) Orcish Mines (V) Vaults (U) Depths
Where to? (Enter - D:8, ? - help)
There is a stone staircase leading down here.
You climb downwards.
There is a stone staircase leading up, spattered with blood here.
(D) Dungeon (T) Temple (L) Lair (A) Shoals (P) Snake Pit (O) Orcish Mines (V) Vaults (U) Depths
Where to? (Enter - D:9, ? - help)
You see here a cursed +0 short sword.
There is a stone staircase leading down here.
You climb downwards.
There is a stone staircase leading up here.
(D) Dungeon (T) Temple (L) Lair (A) Shoals (P) Snake Pit (O) Orcish Mines (V) Vaults (U) Depths
Where to? (Enter - D:10, ? - help)
There is a stone staircase leading down here.
You see here a stone.
You climb downwards.
There is a stone staircase leading up here.
(D) Dungeon (T) Temple (L) Lair (A) Shoals (P) Snake Pit (O) Orcish Mines (V) Vaults (U) Depths
Where to? (Enter - D:11, ? - help)
There is an open door here.
The yak bellows!
The yak bellows!
There is a stone staircase leading down here.
You climb downwards.
There is a stone staircase leading up here.
(D) Dungeon (T) Temple (L) Lair (A) Shoals (P) Snake Pit (O) Orcish Mines (V) Vaults (U) Depths
Where to? (Enter - D:12, ? - help)
You see here an adder skeleton.
There is a stone staircase leading down here.
You climb downwards.
Level annotation: 3 runed translucent doors, exclusion: obsidian statue, Flugslaktarn's ghost, journeyman DDFi
There is a stone staircase leading up here.
(D) Dungeon (T) Temple (L) Lair (A) Shoals (P) Snake Pit (O) Orcish Mines (V) Vaults (U) Depths
Where to? (Enter - D:13, ? - help)
There is a stone staircase leading down here.
You climb downwards.
There is a stone staircase leading up here.
(D) Dungeon (T) Temple (L) Lair (A) Shoals (P) Snake Pit (O) Orcish Mines (V) Vaults (U) Depths
Where to? (Enter - D:14, ? - help)
There is a stone staircase leading down here.
You climb downwards.
There is a stone staircase leading up here.
(D) Dungeon (T) Temple (L) Lair (A) Shoals (P) Snake Pit (O) Orcish Mines (V) Vaults (U) Depths
Where to? (Enter - D:15, ? - help) You're already at the bottom of this branch!
(D) Dungeon (T) Temple (L) Lair (A) Shoals (P) Snake Pit (O) Orcish Mines (V) Vaults (U) Depths
Where to? (Enter - D:15, ? - help) You're already at the bottom of this branch!
There is a stone staircase leading up here.
There is an escape hatch in the ceiling here.
You see here 3 large rocks.
You see here a large rock.
There is an open door here.
You see here a +0 whip.
Things that are here:
a +0 robe; a +0 dagger
There is an open door, spattered with blood here.
Things that are here:
a +0 robe; a +0 dagger
There is a staircase to the Depths here.
You climb downwards.
Welcome to the Depths!
Found 11 arrows.
There is a staircase back to the Dungeon here.
Found 13 poisoned darts.
You see here 13 poisoned darts.
You open the door.
There is an open door here.
As you open the door, it creaks loudly!
There is an open door here.
Found a gateway to Hell.
Welcome back, EnegeticOcto the Deep Dwarf Fighter.
Blood and souls for Makhleb!
Press ? for a list of commands and other information.
Are you sure you want to abandon this character and quit the game? (Confirm with "yes".)

#.###.###.........# *
#.......#.........#
...#####.###.#.#.........#
#.......# #...'........<#
#.#####.# ##.##.........#
* #.## #####...#....#
#..####.?#.#..#...# *
#....#.∩.#'##.##..#
#.##(#...@..##.#..#
#.##.###.##..#.##.#
#.##...+. *..#..#.#
#.###.##. .##..#.# #.+
#..## ##..##.# #.
##..####...# *,
##......### ,* * *###..###
, *, *,####, ,,


There were no monsters in sight!

Vanquished Creatures
  Vashnia (Snake:4)
  Frances (D:14)
  A thorn hunter (Abyss:4)
  2 tengu reavers (Abyss:4)
  Aizul (Snake:4)
  5 nagarajas
  A deep elf sorcerer (Abyss:4)
  Azrael (D:13)
  Snorg (D:14)
  6 merfolk javelineers
  4 merfolk impalers
  Harold (D:9)
  A vault guard (D:14)
  11 naga warriors
  2 rakshasas (Abyss:4)
  2 centaur warriors
  8 anacondas
  3 merfolk aquamancers
  2 merfolk avatars
  An ogre mage (D:15)
  5 two-headed ogres
  Erica (D:9)
  An alligator snapping turtle (Shoals:3)
  5 satyrs
  A tengu warrior (D:14)
  A thrashing horror (Abyss:3)
  4 shock serpents
  20 naga sharpshooters
  A wretched star (Abyss:4)
  3 skeletal warriors (D:14)
  2 salamander mystics (Snake:4)
  6 sea snakes
  4 unseen horrors
  5 wizards
  7 naga ritualists
  2 deep elf magi
  3 necromancers
  6 mana vipers
  An orc knight (Bailey)
  13 salamanders
  9 manticores
  4 worldbinders (Abyss:4)
  7 fauns (Shoals:3)
  A cyclops (D:15)
  4 merfolk sirens
  2 centaur zombies (D:15)
  An apocalypse crab (Abyss:4)
  16 naga magi
  A cane toad (Lair:2)
  6 water nymphs
  26 black mambas
  3 guardian serpents
  Psyche (D:8)
  A large abomination (Abyss:4)
  Maggie (D:7)
  A tengu conjurer (D:14)
  A komodo dragon (D:8)
  21 merfolk
  A hornet (D:12)
  3 trolls
  5 wind drakes
  2 snapping turtles (Shoals:4)
  12 slime creatures
  10 hippogriffs
  A centaur simulacrum (D:15)
  A wraith (D:13)
  4 wyverns
  A spriggan (D:14)
  A shadow (D:11)
  13 water elementals
  25 yaks
  7 fire elementals
  21 humans (D:14)
  Menkaure (D:6)
  6 vampire mosquitoes
  A warg (D:12)
  44 nagas
  A soldier ant (D:11)
  3 hell hounds (D:13)
  2 water moccasins (Lair:2)
  2 porcupines
  4 sky beasts
  16 orc warriors
  3 black bears
  2 ogres (D:5)
  12 wolves (Lair:2)
  15 centaurs
  A big kobold (D:13)
  6 crocodiles
  A small abomination (Abyss:4)
  12 bullfrogs
  A wyvern zombie (D:9)
  3 scorpions
  A water moccasin skeleton (D:11)
  15 wights
  4 howler monkeys
  An electric eel (D:10)
  A quasit (Abyss:4)
  3 bullfrog zombies
  18 orc priests
  3 hounds
  A jelly (D:15)
  A bullfrog skeleton (D:6)
  5 centaur skeletons
  An iron imp (Abyss:3)
  12 orc wizards
  9 worker ants
  6 iguanas
  A killer bee zombie (D:5)
  2 hound skeletons (D:5)
  2 worker ant zombies (D:5)
  9 adders
  5 gnolls
  2 howler monkey skeletons (D:9)
  3 shadow imps
  3 white imps
  2 ufetubi
  An ooze (D:1)
  A worm (D:4)
  2 dart slugs
  4 leopard geckos
  58 orcs
  4 bats
  3 giant cockroaches
  3 goblins
  10 hobgoblins
  12 jackals
  18 kobolds
  2 quokkas
  2 ball pythons
  3 frilled lizards
  A quokka skeleton (D:5)
  5 rats
  11 briar patches (Abyss:4)
745 creatures vanquished.

Vanquished Creatures (collateral kills)
  Jorgrun (D:13)
  3 nagarajas (Snake:4)
  A dire elephant (Abyss:4)
  A merfolk impaler (Shoals:4)
  A hydra (Lair:2)
  8 naga warriors
  3 naga sharpshooters
  A sea snake (Shoals:4)
  A naga ritualist (Snake:4)
  A salamander (Snake:3)
  A guardian serpent (Snake:4)
  A black mamba (Snake:4)
  3 naga magi (Snake:4)
  3 merfolk (Shoals:4)
  A slime creature (D:13)
  A water elemental (Abyss:4)
  5 nagas
  A kobold (Bailey)
37 creatures vanquished.

Vanquished Creatures (others)
  A thorn hunter (Abyss:4)
  A nagaraja (Snake:4)
  A deep elf sorcerer (Abyss:4)
  2 naga warriors
  A centaur warrior (D:13)
  A centaur zombie (D:13)
  A naga (Snake:4)
  7 fungi
  86 plants
101 creatures vanquished.

Grand Total: 883 creatures vanquished

Notes
Turn   | Place    | Note
-------+----------+-------------------------------------------
     0 | D:1      | EnegeticOcto the Deep Dwarf Fighter began the quest for the
                  | Orb.
     0 | D:1      | Reached XP level 1. HP: 20/20 MP: 1/1
    95 | D:1      | Reached XP level 2. HP: 25/27 MP: 2/2
   299 | D:2      | Reached skill level 3 in Axes
   299 | D:2      | Reached XP level 3. HP: 23/34 MP: 3/3
   500 | D:4      | Reached XP level 4. HP: 35/42 MP: 3/3
   559 | D:4      | Found a staircase to the Ecumenical Temple.
   574 | Temple   | Entered the Ecumenical Temple
   687 | Temple   | Became a worshipper of Makhleb the Destroyer
   765 | D:4      | Reached skill level 4 in Axes
   765 | D:4      | Reached XP level 5. HP: 42/49 MP: 4/4
   774 | D:4      | Reached skill level 1 in Invocations
   802 | D:4      | Found a bloodstained altar of Trog.
   837 | D:4      | Reached XP level 6. HP: 25/56 MP: 4/6
  1210 | D:5      | Entered Level 5 of the Dungeon
  1224 | D:5      | Reached skill level 5 in Axes
  1253 | D:5      | Noticed a sky beast
  1272 | D:5      | Killed a sky beast
  1272 | D:5      | Reached XP level 7. HP: 48/63 MP: 5/7
  1298 | D:5      | Found a shimmering altar of Xom.
  1314 | D:5      | Reached * piety under Makhleb
  1361 | D:5      | Reached skill level 5 in Shields
  1363 | D:5      | Reached skill level 6 in Axes
  1363 | D:5      | Reached skill level 5 in Armour
  1421 | D:5      | Reached XP level 8. HP: 40/73 MP: 5/5
  1461 | D:5      | Found a hide-covered altar of Uskayaw.
  1488 | D:5      | Found a shadowy altar of Dithmenos.
  2006 | D:6      | Reached skill level 7 in Axes
  2045 | D:6      | Noticed a troll
  2070 | D:6      | Killed a troll
  2087 | D:6      | Reached ** piety under Makhleb
  2087 | D:6      | Reached skill level 5 in Invocations
  2170 | D:6      | Noticed Menkaure
  2177 | D:6      | Killed Menkaure
  2177 | D:6      | Reached skill level 5 in Fighting
  2287 | D:6      | Found a glowing silver altar of Zin.
  2287 | D:6      | Noticed an angel
  2341 | D:6      | Identified a scroll of acquirement
  2341 | D:6      | Acquired a manual of Dodging
  2385 | D:7      | Reached skill level 1 in Dodging
  2493 | D:7      | Noticed Maggie
  2505 | D:7      | Killed Maggie
  2505 | D:7      | Reached skill level 8 in Axes
  2505 | D:7      | Gained mutation: You passively map the area around you.
                  | [Deep Dwarf growth]
  2505 | D:7      | Reached XP level 9. HP: 36/81 MP: 5/7
  3167 | D:8      | Reached skill level 5 in Dodging
  3199 | D:8      | Noticed a komodo dragon
  3205 | D:8      | Killed a komodo dragon
  3215 | D:8      | Reached skill level 9 in Axes
  3219 | D:8      | Reached *** piety under Makhleb
  3221 | D:8      | Found a staircase to the Lair.
  3231 | D:8      | Noticed Psyche
  3246 | D:8      | Killed Psyche
  3246 | D:8      | Reached XP level 10. HP: 56/91 MP: 5/8
  3395 | D:8      | Found a glowing golden altar of the Shining One.
  3722 | D:9      | Noticed Harold
  3746 | D:9      | Killed Harold
  3871 | D:9      | Noticed Erica
  3883 | D:9      | HP: 4/91 [something (6)]
  3901 | D:9      | Killed Erica
  4044 | D:9      | Found a white marble altar of Elyvilon.
  4083 | D:9      | Found a flagged portal.
  4092 | Bailey   | Entered a bailey
  4105 | Bailey   | Noticed an orc knight
  4126 | Bailey   | Killed an orc knight
  4126 | Bailey   | Reached skill level 10 in Axes
  4208 | Bailey   | Got a pair of distressingly furry boots
  4218 | Bailey   | Identified the +2 pair of boots of Quvva {-Cast Str+2
                  | Dex+2} (You found it in a bailey)
  4768 | D:10     | Entered Level 10 of the Dungeon
  4831 | D:10     | Reached **** piety under Makhleb
  5034 | D:10     | Killed an unseen horror
  5034 | D:10     | Reached skill level 10 in Dodging
  5034 | D:10     | Reached XP level 11. HP: 45/99 MP: 6/6
  5140 | D:10     | Found Loeruel's Book Emporium.
  5554 | D:11     | Noticed a wizard
  5554 | D:11     | Noticed a wizard
  5562 | D:11     | Killed a wizard
  5564 | D:11     | Killed a wizard
  5564 | D:11     | Reached skill level 11 in Axes
  5597 | D:11     | Noticed a deep elf mage
  5602 | D:11     | Killed a deep elf mage
  5774 | D:11     | You fall into a shaft and drop 3 floors!
  5775 | D:14     | Noticed a skeletal warrior
  5777 | D:14     | Noticed a skeletal warrior
  5803 | D:13     | Noticed Jorgrun
  5822 | D:13     | Killed Jorgrun
  5875 | D:13     | Killed an unseen horror
  5904 | D:13     | Reached XP level 12. HP: 99/109 MP: 6/6
  5984 | D:13     | Noticed a two-headed ogre
  5992 | D:13     | Killed a two-headed ogre
  6076 | D:12     | Reached ***** piety under Makhleb
  6123 | D:12     | Noticed a centaur warrior
  6135 | D:12     | Killed a centaur warrior
  6202 | D:12     | Reached skill level 12 in Axes
  6305 | D:12     | Found a staircase to the Orcish Mines.
  7272 | D:13     | Noticed Azrael
  7311 | D:13     | Killed Azrael
  7320 | D:13     | Noticed a centaur warrior
  7325 | D:13     | Reached skill level 10 in Invocations
  7326 | D:13     | Killed a centaur warrior
  7411 | D:13     | Found Kamu's Distillery.
  7473 | D:13     | Found a roughly hewn altar of Beogh.
  7495 | D:13     | Noticed a centaur warrior
  7500 | D:13     | Killed a centaur warrior
  7599 | D:13     | Found a runed translucent gate.
  7599 | D:13     | Found a runed translucent gate.
  7600 | D:13     | Found an opulent altar of Gozag.
  7602 | D:13     | Found a runed translucent gate.
  7604 | D:13     | Noticed a yaktaur captain
  7604 | D:13     | Noticed Flugslaktarn's ghost (journeyman DDFi)
  7649 | D:13     | Bought a potion of haste for 160 gold pieces
  7649 | D:13     | Bought a potion of might for 64 gold pieces
  7649 | D:13     | Bought a potion of haste for 160 gold pieces
  7649 | D:13     | Bought a potion of might for 64 gold pieces
  7649 | D:13     | Bought a potion of might for 64 gold pieces
  7939 | D:14     | Reached XP level 13. HP: 80/117 MP: 7/7
  8130 | D:14     | Reached skill level 13 in Axes
  8210 | D:14     | You fall into a shaft and drop 1 floor!
  8210 | D:15     | Entered Level 15 of the Dungeon
  8226 | D:15     | Reached skill level 10 in Shields
  8234 | D:15     | Found a staircase to the Depths.
  8240 | D:15     | Reached skill level 10 in Armour
  8310 | D:15     | Reached ****** piety under Makhleb
  8330 | D:14     | Noticed Frances
  8359 | D:14     | Killed Frances
  8563 | D:14     | Found a gate to the Vaults.
  8697 | D:14     | Noticed Snorg
  8720 | D:14     | Killed Snorg
  8961 | D:15     | Gained mutation: You resist negative energy. (rN+) [Deep
                  | Dwarf growth]
  8961 | D:15     | Reached XP level 14. HP: 127/127 MP: 6/6
  8976 | D:15     | Reached skill level 15 in Dodging
  9126 | Lair:1   | Entered Level 1 of the Lair of Beasts
  9221 | Lair:2   | Reached skill level 14 in Axes
  9290 | Lair:2   | Found a staircase to the Snake Pit.
  9606 | Lair:2   | Reached skill level 1 in Evocations
  9639 | Lair:2   | Found a staircase to the Shoals.
  9970 | Snake:1  | Entered Level 1 of the Snake Pit
 10214 | Snake:2  | Found Nageb's Assorted Antiques.
 10217 | Snake:2  | Bought a runed kite shield for 135 gold pieces
 10217 | Snake:2  | Bought a scroll of enchant armour for 135 gold pieces
 10217 | Snake:2  | Bought a scroll of immolation for 63 gold pieces
 10217 | Snake:2  | Bought a potion of curing for 54 gold pieces
 10294 | Snake:2  | Noticed a nagaraja
 10324 | Snake:2  | Killed a nagaraja
 10382 | Snake:3  | Reached skill level 10 in Fighting
 10504 | Snake:3  | Reached XP level 15. HP: 121/138 MP: 4/8
 10517 | Snake:3  | Reached skill level 15 in Axes
 10546 | Snake:3  | Reached skill level 5 in Evocations
 10613 | Snake:3  | Found a runed translucent door.
 10958 | Snake:4  | Entered Level 4 of the Snake Pit
 10958 | Snake:4  | Found a sparkling altar of Nemelex Xobeh.
 10983 | Snake:4  | Noticed a nagaraja
 10988 | Snake:4  | Noticed Aizul
 10997 | Snake:4  | Killed a nagaraja
 11001 | Snake:4  | Noticed a nagaraja
 11003 | Snake:4  | Noticed Vashnia
 11011 | Snake:4  | Killed a nagaraja
 11020 | Snake:4  | Killed Aizul
 11022 | Snake:4  | Noticed a nagaraja
 11029 | Snake:4  | Noticed a nagaraja
 11043 | Snake:4  | Killed a nagaraja
 11044 | Snake:4  | Noticed a nagaraja
 11049 | Snake:4  | Killed a nagaraja
 11057 | Snake:4  | Reached skill level 16 in Axes
 11057 | Snake:4  | Reached XP level 16. HP: 151/151 MP: 8/8
 11080 | Snake:4  | Found Adoleore's Assorted Antiques.
 11124 | Snake:4  | Killed Vashnia
 11157 | Snake:4  | Bought a fine tin amulet for 125 gold pieces
 11157 | Snake:4  | Bought a scroll of magic mapping for 87 gold pieces
 11157 | Snake:4  | Identified the amulet "Peggeina" {Inacc Dex+4} (You bought
                  | it in a shop on level 4 of the Snake Pit)
 11371 | Snake:4  | Got a serpentine rune of Zot
 11646 | Shoals:1 | Entered Level 1 of the Shoals
 11666 | Shoals:1 | Found Ceguo's Jewellery Boutique.
 11672 | Shoals:1 | Found Vuorgh's Antique Weapon Shop.
 11749 | Shoals:2 | Identified Roxanne's Disquisition on Moulding
 11749 | Shoals:2 | Noticed Roxanne
 11849 | Shoals:2 | Found Basepih's Jewellery Boutique.
 12075 | Shoals:3 | Reached skill level 17 in Axes
 12079 | Shoals:3 | Reached XP level 17. HP: 115/162 MP: 6/6
 12122 | Shoals:4 | Entered Level 4 of the Shoals
 12304 | Shoals:4 | Found the +8 frozen axe "Frostbite" {freezing cloud, *Noise
                  | +Fly rC+}
 12524 | Shoals:4 | Got a barnacled rune of Zot
 12777 | D:8      | Cast into level 3 of the Abyss (unwielding a weapon of
                  | distortion)
 12824 | Abyss:3  | Found a corrupted altar of Lugonu.
 13048 | Abyss:4  | Got an abyssal rune of Zot
 13057 | D:8      | Escaped the Abyss
 13240 | Depths:1 | Entered Level 1 of the Depths
 13281 | Depths:1 | Found a gateway to Hell.
 13282 | Depths:1 | Quit the game

Illustrated notes

Levels and vault maps discovered:
D:1:      ncdulo_wetmaze, layout_basic, serial_curves, eino_curves_02,
          eino_curves_01, minmay_misc_feat_nine_boxes, kennysheep_nondescript
D:2:      layout_loops_ring, minitemple, overflow_temple_1_default,
          kennysheep_vampire_church
D:3:      layout_loops_ring, lemuel_round_altar
D:4:      layout_rooms, lemuel_doored_altar, minmay_temple_entry_glass,
          glass_columns_b
D:5:      layout_gridville, nicolae_dithmenos_the_darkroom,
          kennysheep_mini_moat, marbit_many_paths
D:6:      layout_rooms, zin_angel, grunt_potential, uniq_menkaure
D:7:      layout_loops_ring, uniq_maggie
D:8:      layout_loops_ring, tso_metal_star, david_lair_shrubbed, uniq_psyche
D:9:      layout_basic, elyvilon_altar_3, enter_bailey_2, uniq_erica,
          uniq_harold
D:10:     layout_loops_ring, serial_shops, shop, corexii_checkpoint_a,
          kennysheep_path_1, serial_bayou_crossing
D:11:     cheibrodos_lost_city_excavation, layout_gridville
D:12:     layout_loops_ring, erik_orc_3
D:13:     layout_loops_ring, serial_shops, nicolae_shop_window_shopping,
          ebering_ghost_gozag, david_defended_altar_orc, uniq_jorgrun,
          uniq_azrael
D:14:     layout_long_grid, grunt_vaults_entry_tiered,
          chequers_serial_rivers_micro_c, the_bakery, uniq_snorg, uniq_frances
D:15:     grunt_enter_depths_magical_seal, layout_long_grid,
          ebering_dispersal_statue_hall, uniq_agnes, uniq_kirke, uniq_rupert
Temple:   nicolae_temple_figure_zero
Lair:1:   layout_roguey
Lair:2:   layout_loops_ring, minmay_shoals_entry_centaurs,
          guppyfry_snake_entry_island, nicolae_quartered_pool_super
Shoals:1: gammafunk_the_bubble [the_bubble_gammafunk_roulette], layout_shoals,
          serial_shops, shop, nicolae_shop_crystal, nicolae_shop_statue_plus,
          shop, shop, gammafunk_ghost_berserking_beasts,
          regret_index_shoals_crete
Shoals:2: layout_shoals, serial_shops, shop, nicolae_shoals_water_shrine,
          uniq_ilsuiw, uniq_roxanne
Shoals:3: layout_shoals, gammafunk_ghost_cemetery
Shoals:4: shoals_end_grunt_ice, layout_shoals
Snake:1:  layout_gridlike, minmay_shop_grove
Snake:2:  layout_misc_corridors, serial_shops, nicolae_shop_behind_doors,
          serial_bayou_shore_a
Snake:3:  layout_onion, ebering_ghost_reflecting_pool, grunt_megastairs_3
Snake:4:  snake_pit, layout_rooms, basic_altar, serial_shops, shop, uniq_aizul,
          uniq_vashnia
Depths:1: layout_gridlike, pf_hell_entry_tar_spiral, minivault_1,
          chequers_serial_rivers_marsh, minmay_mirror_moons_of_madness

Skill      XL: |  1  2  3  4  5  6  7  8  9 10 11 12 13 14 15 16 17 |
---------------+----------------------------------------------------+-----
Fighting       | 3 4 5 6 7 8 10 11 12 13 | 13.0
Axes           | 3 4 5 6 8 9 10 11 12 13 14 16 17 | 17.4
Armour         | 4 5 6 7 8 9 10 11 12 13 | 13.1
Shields        | 4 5 6 7 8 9 10 11 12 13 | 13.1
Invocations    | 1 2 3 5 6 7 9 10 11 12 13 14 | 14.8
Dodging        | 3 7 10 12 13 14 15 | 15.0
Evocations     | 4 7 9 |  9.9

Action                   |  1- 3 |  4- 6 |  7- 9 | 10-12 | 13-15 | 16-18 || total
-------------------------+-------+-------+-------+-------+-------+-------++-------
Melee: War axe           |    73 |    97 |   302 |   613 |   883 |   153 ||  2121
       Broad axe         |       |       |       |       |       |   585 ||   585
Invok: Lesser Servant of |       |       |       |     2 |    11 |    10 ||    23
       Greater Servant o |       |       |       |       |     3 |     5 ||     8
 Abil: Heal Wounds       |     3 |     5 |    15 |    24 |    20 |    21 ||    88
Evoke: Condenser vane    |       |       |       |       |     2 |     5 ||     7
       Tin of tremorston |       |       |       |       |       |     3 ||     3
  Use: Scroll            |       |       |    14 |    10 |     5 |     7 ||    36
       Potion            |       |       |       |     4 |     2 |     7 ||    13
 Stab: Distracted        |       |       |       |     1 |     7 |     4 ||    12
Armor: Scale mail        |    43 |    43 |       |       |       |       ||    86
       Chain mail        |       |    32 |    93 |       |       |       ||   125
       Swamp dragon scal |       |       |    46 |   181 |   301 |   199 ||   727
Dodge: Dodged            |    35 |    37 |   116 |   340 |   862 |   670 ||  2060
Block: Kite shield       |    54 |    70 |   210 |   416 |   823 |   572 ||  2145

Table legend: (Time is in decaauts)
 A = Elapsed time spent in this place.
 B = Non-inter-level travel time spent in this place.
 C = Inter-level travel time spent in this place.
 D = Time resting spent in this place.
 E = Time spent auto-exploring this place.
 F = Levels seen in this place.
 G = Mean time per level.
                   A        B        C        D        E       F      G
               +--------+--------+--------+--------+--------+-----+--------+
         Total |  13129 |  11633 |   1496 |      0 |   7190 |  30 |  437.6 |
       Dungeon |   9047 |   8120 |    927 |      0 |   5677 |  15 |  603.1 |
        Temple |    126 |    106 |     20 |      0 |    104 |   1 |  126.0 |
          Lair |   1000 |    767 |    233 |      0 |    596 |   2 |  500.0 |
        Shoals |    975 |    832 |    143 |      0 |    211 |   4 |  243.8 |
     Snake Pit |   1463 |   1293 |    170 |      0 |    454 |   4 |  365.8 |
        Depths |     41 |     41 |      0 |      0 |     41 |   1 |   41.0 |
         Abyss |    253 |    253 |      0 |      0 |     92 |   2 |  126.5 |
        Bailey |    220 |    220 |      0 |      0 |     15 |   1 |  220.0 |
               +--------+--------+--------+--------+--------+-----+--------+

Top non-repeatable levels by time:
    D:12: 1002 daAuts
    D:13: 968 daAuts
  Lair:2: 865 daAuts
     D:9: 830 daAuts
    D:14: 826 daAuts
     D:8: 735 daAuts
    D:11: 689 daAuts
     D:7: 682 daAuts
     D:5: 647 daAuts
     D:4: 642 daAuts
    D:10: 639 daAuts
 Snake:3: 621 daAuts
     D:6: 552 daAuts
Shoals:4: 431 daAuts
 Snake:4: 395 daAuts
